 Dungeon Crawl Stone Soup version 0.30-a0-142-g7370640ec8 (webtiles) character file.

Game seed: 1099139326383387125

117632 Decritt the Warrior (level 16, -14/145 HPs)
             Began as a Palentonga Fighter on Sept 26, 2022.
             Was a Believer of Ru.
             Blown up by a sun moth (32 damage)
             ... with a bolt of energy
             ... on level 3 of the Spider Nest.
             The game lasted 01:07:42 (26765 turns).

Decritt the Warrior (Palentonga Fighter)           Turns: 26765, Time: 01:07:42

Health: -14/145    AC: 34    Str: 27    XL:     16   Next: 23%
Magic:  16/16      EV:  9    Int: 11    God:    Ru [**....]
Gold:   1615       SH:  8    Dex: 10    Spells: 15/15 levels left

rFire   + . .      SeeInvis +    k - +3 war axe (venom)
rCold   + + .      Faith    .    V - +2 buckler
rNeg    . . .      Spirit   .    c - +1 ring mail of Haapne {rPois rC+}
rPois   +          Reflect  .    U - +1 helmet
rElec   .          Harm     .    g - +2 cloak {rC+}
rCorr   .          Rampage  .    y - +1 pair of gloves
Will    ++...                    w - +4 barding
Stlth   ..........               S - amulet of regeneration
HPRegen 1.14/turn                G - ring of willpower
MPRegen 0.15/turn                M - ring of protection from fire

@: glowing, studying Ice Magic, curled up
A: large, rugged brown scales 3, see invisible, deformed body, no stealth, hated
by all, roll 1, armoured tail, reflexive curl
a: Rolling Charge, Renounce Religion


You were on level 3 of the Spider Nest.
You worshipped Ru.
Ru was pleased with you.
You visited 3 branches of the dungeon, and saw 21 of its levels.
You also visited: Bailey and Ice Cave.

You collected 1975 gold pieces.
You spent 360 gold pieces at shops.

Inventory:

Hand Weapons
 a - a +1 war axe of flaming
 j - a +5 flail of freezing
 k - a +3 war axe of venom (weapon)
 q - a +4 morningstar of freezing
Missiles
 x - 3 throwing nets
Armour
 c - the +1 ring mail of Haapne (worn) {rPois rC+}
   (You took it off a gnoll sergeant on level 4 of the Dungeon)

   rC:        It protects you from cold.
   rPois:     It protects you from poison.
 g - a +2 cloak of cold resistance (worn)
 t - +0 ice dragon scales
 w - a +4 barding (worn)
 y - a +1 pair of gloves (worn)
 D - a +2 chain mail of positive energy
 N - a +2 chain mail of fire resistance
 U - a +1 helmet (worn)
 V - a +2 buckler (worn)
Jewellery
 h - a ring of protection from cold
 C - an amulet of guardian spirit
 G - a ring of willpower (left hand)
 M - a ring of protection from fire (right hand)
 Q - a ring of resist corrosion
 S - an amulet of regeneration (around neck)
 T - a ring of positive energy
Wands
 e - a wand of digging (8)
 o - a wand of flame (71)
Scrolls
 b - 6 scrolls of fog
 i - a scroll of silence
 m - 2 scrolls of fear
 n - 2 scrolls of poison
 p - 3 scrolls of immolation
 J - 6 scrolls of enchant weapon
 R - a scroll of magic mapping
 W - a scroll of enchant armour
 Y - a scroll of teleportation
Potions
 d - 3 potions of might
 f - 2 potions of berserk rage
 l - 2 potions of curing
 s - a potion of magic
 A - 2 potions of flight
 B - a potion of haste
 E - a potion of ambrosia
 L - a potion of resistance
 O - 4 potions of attraction
 X - 3 potions of mutation


   Skills:
 * Level 15.6 Fighting
 * Level 14.5 Axes
 * Level 10.6 Armour
 + Level 9.5 Dodging
 - Level 9.8 Shields


You had 15 spell levels left.
You didn't know any spells.
Your spell library contained the following spells:

 Spells                   Type           Power      Damage    Failure   Level
 Apportation              Tloc           0%         N/A       50%         1
 Beastly Appendage        Tmut           0%         N/A       50%         1
 Magic Dart               Conj           0%         1d3       50%         1
 Necrotise                Necr           0%         1d4       50%         1
 Sandblast                Erth           0%         2d4       50%         1
 Blink                    Tloc           0%         N/A       63%         2
 Cigotuvi's Dreadful Rot  Necr/Pois/Air  0%         N/A       63%         2
 Passwall                 Tmut/Erth      0%         N/A       63%         2
 Poisonous Vapours        Pois/Air       0%         N/A       63%         2
 Searing Ray              Conj           0%         2d4       63%         2
 Wereblood                Tmut           0%         N/A       63%         2
 Kindle Blastsparks       Fire/Tloc/Air  0%         2d10      86%         3
 Lesser Beckoning         Tloc           0%         N/A       86%         3
 Spider Form              Tmut/Pois      0%         N/A       86%         3
 Stone Arrow              Conj/Erth      0%         3d7       86%         3
 Fulminant Prism          Conj/Hex       0%         3d6       99%         4
 Iskenderun's Mystic Bla  Conj/Tloc      0%         2d3       99%         4
 Manifold Assault         Tloc           0%         N/A       99%         4
 Blade Hands              Tmut           0%         N/A       100%        5
 Fireball                 Conj/Fire      0%         3d3       100%        5
 Freezing Cloud           Conj/Ice/Air   0%         6-21      100%        5
 Iskenderun's Battlesphe  Conj           0%         2d6       100%        5
 Lee's Rapid Deconstruct  Erth           0%         3d5*      100%        5
 Conjure Ball Lightning   Conj/Air       0%         3x3d6     100%        6
 Iron Shot                Conj/Erth      0%         9d1       100%        6
 Orb of Destruction       Conj           0%         9d5       100%        7
 Storm Form               Tmut/Air       0%         N/A       100%        7
 Polar Vortex             Ice            0%         N/A       100%        9
 Summon Small Mammal      Summ           Unusable   N/A       N/A         1
 Call Canine Familiar     Summ           Unusable   N/A       N/A         3
 Summon Guardian Golem    Hex/Summ       Unusable   N/A       N/A         3
 Animate Armour           Summ/Erth      Unusable   N/A       N/A         4
 Simulacrum               Ice/Necr       Unusable   N/A       N/A         6

Dungeon Overview and Level Annotations

Branches:
Dungeon (13/15)            Temple (0/1) D:7            Lair (5/5) D:11
 Shoals (0/4) Lair:3       Spider (3/4) Lair:2        Slime (0/5) Lair:4
    Orc (0/2) D:12         Bailey (visited)           IceCv (visited)
 Vaults: D:13-14

Altars:
Cheibriados
Dithmenos
Elyvilon
Gozag
Kikubaaqudgha
Qazlal
Ru
Trog
Uskayaw
Vehumet
Xom
Zin

Shops:
D:5 =   D:11 =   D:12 (

Annotations:
Spider:3 Arachne


Innate Abilities, Weirdness & Mutations

You are completely covered in rugged brown scales. (AC +3, +7% HP)
You have supernaturally acute eyesight. (SInv)
Armour fits poorly on your strangely shaped body.
You cannot be stealthy.
You are hated by all.
You can roll at nearby foes to attack.
You have a long armoured tail.
You curl defensively after being hit. (AC +7*)


Message History

You are covered in liquid flames!
You feel better.
You are covered in liquid flames!
* * * LOW HITPOINT WARNING * * *
You carefully extract the barbed spikes from your body.
You block the sun moth's attack.
You miss the sun moth.
Your tail-slap misses the sun moth.
The sun moth is lightly wounded.
You are covered in liquid flames!
* * * LOW HITPOINT WARNING * * *
The sun moth throws energy at you. The bolt of energy hits you!
* * * LOW HITPOINT WARNING * * *
You hit the sun moth.
The sun moth looks as sick as possible!
The sun moth is moderately wounded.
You are covered in liquid flames!
* * * LOW HITPOINT WARNING * * *
The sun moth is stunned by your conviction and fails to attack.
You slash the sun moth!
The sun moth looks as sick as possible!
The sun moth is moderately wounded.
You are covered in liquid flames!
* * * LOW HITPOINT WARNING * * *
The sun moth bites you but does no damage.
You slash the sun moth!
The sun moth looks as sick as possible!
You tail-slap the sun moth, but do no damage.
The sun moth is severely wounded.
You are covered in liquid flames!
The sun moth bites you but does no damage.
You slash the sun moth!
The sun moth looks as sick as possible!
Your tail-slap misses the sun moth.
The sun moth is severely wounded.
You barely miss the sun moth.
Your tail-slap misses the sun moth.
The sun moth is severely wounded.
The sun moth closely misses you.
You hit the sun moth but do no damage.
The sun moth looks as sick as possible!
Your tail-slap misses the sun moth.
The sun moth is severely wounded.
The sun moth throws energy at you. The bolt of energy hits you!!
You die...

##^......#
##....^.$.##.
.##............
(............#
.............#
..........^..#
#....^y....^#
#.....@.....#
####..#######
#^. ##. #. #.
#. #.


You could see a sun moth (extremely poisoned).

Vanquished Creatures
  2 frost giants (IceCv)
  A ghost moth (Spider:2)
  A white draconian (IceCv)
  An entropy weaver (shapeshifter) (D:13)
  An entropy weaver (Spider:1)
  2 two-headed ogres
  Erica (D:10)
  2 centaur warriors (D:13)
  4 ironbound frosthearts (IceCv)
  2 pharaoh ants (Spider:2)
  Amaemon (Lair:3)
  A sun moth (Spider:1)
  A fire crab (Lair:5)
  2 orb spiders (Spider:2)
  2 steelbarb worms
  9 wolf spiders
  6 ugly things (IceCv)
  2 moths of wrath
  A manticore (Lair:3)
  3 cyclopes (D:13)
  14 elephants
  An orange demon (Lair:3)
  2 torpor snails (Spider:2)
  9 cane toads
  3 black mambas (Lair:5)
  5 demonic crawlers
  2 unseen horrors (D:12)
  20 rime drakes
  9 komodo dragons
  An efreet (D:13)
  The ghost of Caerun the Digger, a novice GrEE of Sif Muna (D:5)
  The ghost of OSaftLP the Digger, an amateur TrEE of Makhleb (D:4)
  2 trolls
  26 polar bears
  A wind drake (Lair:3)
  11 hornets
  Prince Ribbit (D:8)
  7 tarantellas
  8 blink frogs
  8 dream sheep
  A shadow (D:11)
  An air elemental (D:13)
  6 culicivoras
  10 jumping spiders
  A vampire (D:13)
  A water elemental (D:13)
  13 spriggans (Lair:5)
  3 wraiths
  A wyvern (Lair:4)
  5 basilisks
  A fire elemental (D:13)
  A basilisk (shapeshifter) (D:13)
  71 yaks
  2 steam dragons (D:7)
  21 redbacks
  4 vampire mosquitoes
  2 wargs
  2 acid dragons
  11 water moccasins
  2 ice beasts
  7 orc warriors
  3 black bears
  4 boggarts (Lair:5)
  21 wolves
  15 centaurs
  2 ogres (D:6)
  A phantom (D:3)
  4 kobold brigands
  4 bullfrogs
  2 gnoll sergeants
  4 scorpions
  A necrophage (D:4)
  An earth elemental (D:13)
  5 wights (D:6)
  4 killer bees (D:9)
  4 howler monkeys
  An electric eel (Lair:4)
  8 orc priests
  4 hounds
  Crazy Yiuf (D:5)
  2 iguanas
  12 orc wizards
  12 gnolls
  11 adders
  A white imp (D:6)
  An ufetubus (D:6)
  6 worms
  A dart slug (D:1)
  27 orcs
  10 endoplasms
  4 giant cockroaches
  6 goblins
  7 hobgoblins
  2 jackals (D:3)
  29 kobolds
  4 quokkas
  6 ball pythons
  6 bats
  6 frilled lizards
  5 rats
590 creatures vanquished.

Vanquished Creatures (others)
  2 hydras
  A spriggan (Lair:5)
  A polar bear (IceCv)
  A hornet (Lair:5)
  A tarantella (Spider:2)
  A shadow (D:12)
  A wolf (Lair:4)
  A ball python (D:5)
  17 fungi
  43 plants
  2 toadstools (D:6)
71 creatures vanquished.

Grand Total: 661 creatures vanquished

Notes
Turn   | Place    | Note
-------+----------+-------------------------------------------
     0 | D:1      | Decritt the Palentonga Fighter began the quest for the Orb.
     0 | D:1      | Reached XP level 1. HP: 19/19 MP: 1/1
    77 | D:1      | Reached XP level 2. HP: 15/25 MP: 2/2
  1042 | D:2      | Reached XP level 3. HP: 30/31 MP: 3/3
  1366 | D:2      | Found a faded altar of an unknown god.
  1602 | D:2      | Reached XP level 4. HP: 37/37 MP: 4/4
  1694 | D:3      | Found a hide-covered altar of Uskayaw.
  1700 | D:3      | Noticed a phantom
  1709 | D:3      | Killed a phantom
  1710 | D:3      | Reached skill level 1 in Dodging
  1710 | D:3      | Reached XP level 5. HP: 31/44 MP: 5/5
  2681 | D:3      | Found a white marble altar of Elyvilon.
  2976 | D:4      | Found a transporter.
  3073 | D:4      | Reached skill level 4 in Fighting
  3271 | D:4      | Found a transporter.
  3291 | D:4      | Identified the +1 ring mail of Haapne {rPois rC+}
  3359 | D:4      | Found a basalt altar of Yredelemnul.
  3525 | D:4      | Reached XP level 6. HP: 36/51 MP: 2/6
  3904 | D:5      | Entered Level 5 of the Dungeon
  3909 | D:5      | Found a runed translucent door.
  3955 | D:5      | Gained mutation: You curl defensively after being hit. (AC
                  | +7*) [Palentonga growth]
  3955 | D:5      | Reached XP level 7. HP: 47/58 MP: 4/7
  4157 | D:5      | Found a runed translucent door.
  4160 | D:5      | Noticed Caerun's ghost (novice GrEE)
  4389 | D:5      | Found Zuupnavy's Jewellery Shop.
  4747 | D:5      | Found a runed translucent door.
  4748 | D:5      | Noticed Crazy Yiuf
  4782 | D:5      | Found an ancient bone altar of Kikubaaqudgha.
  4788 | D:5      | Found a shimmering altar of Xom.
  4791 | D:5      | Found a radiant altar of Vehumet.
  4792 | D:5      | Found a snail-covered altar of Cheibriados.
  4801 | D:5      | Found a bloodstained altar of Trog.
  5256 | D:5      | Killed Crazy Yiuf
  5342 | D:5      | Reached skill level 5 in Fighting
  5483 | D:6      | Reached XP level 8. HP: 56/66 MP: 6/8
  5723 | D:6      | Found a stormy altar of Qazlal.
  5794 | D:6      | Found a sacrificial altar of Ru.
  5892 | D:6      | Became a worshipper of Ru the Awakened
  6172 | D:6      | Reached skill level 5 in Axes
  6172 | D:6      | Reached skill level 5 in Shields
  6699 | D:7      | Found a staircase to the Ecumenical Temple.
  6702 | D:7      | Reached skill level 6 in Fighting
  7076 | D:7      | Reached XP level 9. HP: 71/74 MP: 7/9
  7332 | D:7      | Found a glowing silver altar of Zin.
  7332 | D:7      | Noticed an angel
  7479 | D:7      | Reached skill level 5 in Armour
  8068 | D:8      | Found a flagged portal.
  8077 | Bailey   | Entered a bailey
  8509 | Bailey   | Found a large runed translucent door.
  8509 | Bailey   | Found a large runed translucent door.
  8510 | Bailey   | Noticed a deep elf pyromancer
  8510 | Bailey   | Noticed an orc knight
  8735 | D:8      | Found a shadowy altar of Dithmenos.
  9313 | D:8      | Noticed Prince Ribbit
  9322 | D:8      | Killed Prince Ribbit
  9323 | D:8      | Reached skill level 7 in Fighting
  9507 | D:8      | You fall into a shaft and drop 2 floors!
  9507 | D:10     | Entered Level 10 of the Dungeon
  9604 | D:10     | Noticed a two-headed ogre
  9609 | D:10     | Killed a two-headed ogre
 10087 | D:9      | Noticed a two-headed ogre
 10093 | D:9      | Killed a two-headed ogre
 10094 | D:9      | Reached XP level 10. HP: 60/85 MP: 6/10
 10222 | D:9      | Reached skill level 8 in Fighting
 10597 | D:9      | Reached skill level 5 in Dodging
 10650 | D:9      | Paralysed by a hornet for 1 turns
 11697 | D:10     | Noticed Erica
 11713 | D:10     | Killed Erica
 11714 | D:10     | Reached skill level 9 in Fighting
 11835 | D:10     | Found a blossoming altar of Fedhas.
 11990 | D:10     | Found an opulent altar of Gozag.
 12041 | D:10     | Reached XP level 11. HP: 95/95 MP: 11/11
 12785 | D:11     | Found a staircase to the Lair.
 13691 | D:11     | Reached skill level 10 in Fighting
 14115 | D:11     | Found Femuylas's Jewellery Shoppe.
 14300 | D:5      | Bought an amulet of regeneration for 360 gold pieces
 14506 | D:11     | Gained mutation: You are hated by all. [Ru sacrifice]
 14506 | D:11     | Reached * piety under Ru
 14506 | D:11     | Reached ** piety under Ru
 14893 | D:12     | Reached skill level 10 in Axes
 15005 | D:12     | Found a staircase to the Orcish Mines.
 15005 | D:12     | Found Gegaco's Weapon Shoppe.
 15531 | D:13     | Noticed a centaur warrior
 15534 | D:13     | Killed a centaur warrior
 15537 | D:13     | Noticed a centaur warrior
 15550 | D:13     | Killed a centaur warrior
 15551 | D:13     | Reached XP level 12. HP: 81/105 MP: 12/12
 15635 | D:13     | Found a large runed translucent door.
 15636 | D:13     | Found a large runed translucent door.
 15645 | D:13     | Paralysed by an air elemental for 1 turns
 15649 | D:13     | Paralysed by an air elemental for 1 turns
 15969 | D:13     | Noticed an entropy weaver
 15989 | D:13     | Killed an entropy weaver
 15990 | D:13     | Reached skill level 11 in Fighting
 16158 | Lair:1   | Entered Level 1 of the Lair of Beasts
 17576 | Lair:2   | Found a hole to the Spider Nest.
 17696 | Lair:2   | Noticed a six-headed hydra
 17708 | Lair:2   | Killed a four-headed hydra
 17709 | Lair:2   | Reached XP level 13. HP: 78/114 MP: 13/13
 18299 | Lair:3   | Noticed Amaemon
 18314 | Lair:3   | Killed Amaemon
 19128 | Lair:3   | Found a staircase to the Shoals.
 19188 | Lair:3   | Reached skill level 12 in Fighting
 19355 | Lair:4   | Found a staircase to the Slime Pits.
 20173 | Lair:5   | Entered Level 5 of the Lair of Beasts
 20205 | Lair:5   | Identified the +11 trident of Thoughtfulness {vorpal, Str+3
                  | Int+5}
 20346 | Lair:5   | Paralysed by a hornet for 2 turns
 20879 | Lair:5   | Reached XP level 14. HP: 124/124 MP: 14/14
 20977 | Lair:5   | Paralysed by a hornet for 3 turns
 20986 | Lair:5   | Reached skill level 13 in Fighting
 21898 | D:4      | Noticed OSaftLP's ghost (amateur TrEE)
 21917 | D:4      | Killed OSaftLP's ghost
 22194 | D:5      | Killed Caerun's ghost
 22390 | Spider:1 | Entered Level 1 of the Spider Nest
 22402 | Spider:1 | Found a frozen archway.
 22412 | IceCv    | Entered an ice cave
 23929 | IceCv    | Noticed a frost giant
 23929 | IceCv    | Noticed a frost giant
 24033 | IceCv    | Killed a frost giant
 24034 | IceCv    | Reached skill level 14 in Fighting
 24047 | IceCv    | Killed a frost giant
 24211 | IceCv    | Reached skill level 10 in Armour
 24537 | Spider:1 | Reached skill level 15 in Fighting
 24537 | Spider:1 | Reached XP level 15. HP: 138/138 MP: 15/15
 24832 | Spider:1 | Gained mutation: You cannot be stealthy. [Ru sacrifice]
 25864 | Spider:2 | Reached XP level 16. HP: 114/145 MP: 0/16
 26726 | Spider:3 | Noticed Arachne
 26765 | Spider:3 | Blown up by a sun moth

Illustrated notes

Levels and vault maps discovered:
D:1:      dpeg_arrival_simpleton_a, layout_basic, hangedman_decor_growths,
          roderic_roman_lattice
D:2:      cheibrodos_helix_gallery, layout_basic,
          shapermc_ecumenical_altar_ellora
D:3:      layout_loops_ring, mainiacjoe_overflow_alcove_1,
          nicolae_uskayaw_dance_hall, kennysheep_generic_room_7
D:4:      layout_basic, mainiacjoe_overflow_tiny_flanked,
          gammafunk_ghost_gnarly_gnolls
D:5:      layout_loops_corners, nicolae_overflow_hallway_of_the_gods,
          ebering_ghost_sewer_f, serial_shops, nicolae_shop_crystal,
          guppyfry_early_lair_pool, uniq_crazy_yiuf_cottage
D:6:      minmay_diamond_boxcup, layout_basic, nicolae_ru_the_path_less_chosen,
          grunt_qazlal_sundering, minmay_gold_behind_fungi
D:7:      layout_layer_cave, zin_angel, minmay_temple_entry_proselytizer
D:8:      layout_basic, nicolae_dithmenos_through_a_glass_darkly,
          enter_bailey_2, uniq_prince_ribbit1
D:9:      layout_irregular_city, corner_web_ring, dk_noncrumbling_4
D:10:     layout_long_grid, fedhas_altar_1, nicolae_gozag_seed_capital,
          st_stairs_11, kennysheep_generic_room_14, uniq_erica
D:11:     layout_irregular_city, erik_lair_orcish_takeover, serial_shops, shop
D:12:     layout_basic, orc_david_3
D:13:     layout_loops_ring, lightli_elemental_guards
Lair:1:   layout_cave_pods, grunt_megastairs_2
Lair:2:   layout_misc_corridors, spider_nest_entry_webs
Lair:3:   layout_hall_layers, minmay_shoals_entry_beasts, uniq_amaemon
Lair:4:   layout_roguey, slime_entry_1, lemuel_fruit_tree, serial_bayou_shore_a,
          grunt_megastairs_3
Lair:5:   minmay_lair_end_enchanted_forest, layout_regular_city,
          dreamdust_wasp_nest
Spider:1: layout_chambers, portal_ice_cave_entry_pillars_four,
          nicolae_spider_webbed_stairs
Spider:2: layout_spider_delve
Spider:3: layout_cave_pods, uniq_nikola, uniq_arachne

Skill      XL: |  1  2  3  4  5  6  7  8  9 10 11 12 13 14 15 |
---------------+----------------------------------------------+-----
Shields        | 3 4 5 6 7 9 |  9.8
Axes           | 3 4 5 7 8 10 11 12 13 14 | 14.5
Armour         | 3 4 5 6 7 8 9 10 | 10.6
Dodging        | 1 2 3 4 5 6 7 8 9 |  9.5
Fighting       | 4 5 6 7 9 10 11 12 15 | 15.6

Action                   |  1- 3 |  4- 6 |  7- 9 | 10-12 | 13-15 | 16-18 || total
-------------------------+-------+-------+-------+-------+-------+-------++-------
Melee: War axe           |    84 |   130 |    86 |   476 |   891 |   124 ||  1791
       Tailslap          |     9 |    18 |    38 |   103 |   172 |    20 ||   360
       Flail             |       |       |   152 |    64 |       |       ||   216
       Trident           |       |       |       |       |    38 |       ||    38
Invok: Reject Sacrifices |       |       |     1 |       |     1 |       ||     2
       Sacrifice Love    |       |       |       |     1 |       |       ||     1
       Sacrifice Stealth |       |       |       |       |     1 |       ||     1
 Abil: Rolling Charge    |    25 |    32 |    50 |    74 |    74 |    19 ||   274
Evoke: Wand              |       |       |       |       |     1 |       ||     1
  Use: Scroll            |     1 |       |    23 |     7 |     8 |     3 ||    42
       Potion            |       |     1 |       |     4 |     7 |     9 ||    21
 Stab: Distracted        |       |     1 |       |       |     1 |       ||     2
       Invisible         |       |       |       |     1 |       |     4 ||     5
Armor: Scale mail        |    27 |    46 |       |       |       |       ||    73
       Chain mail        |       |    36 |   176 |   553 |   519 |       ||  1284
       Ring mail         |       |       |       |       |   274 |   201 ||   475
Dodge: Dodged            |    25 |    22 |    68 |   189 |   332 |    77 ||   713
Block: Buckler           |     7 |    15 |    47 |   175 |   313 |    80 ||   637

Table legend: (Time is in decaauts)
 A = Elapsed time spent in this place.
 B = Non-inter-level travel time spent in this place.
 C = Inter-level travel time spent in this place.
 D = Time resting spent in this place.
 E = Time spent auto-exploring this place.
 F = Levels seen in this place.
 G = Mean time per level.
                   A        B        C        D        E       F      G
               +--------+--------+--------+--------+--------+-----+--------+
         Total |  26888 |  25480 |   1408 |   7074 |  13950 |  23 | 1169.0 |
       Dungeon |  16550 |  15377 |   1173 |   4006 |   9040 |  13 | 1273.1 |
          Lair |   5571 |   5389 |    182 |   1490 |   2940 |   5 | 1114.2 |
   Spider Nest |   2380 |   2328 |     52 |    431 |   1478 |   3 |  793.3 |
        Bailey |    471 |    471 |      0 |    364 |     38 |   1 |  471.0 |
      Ice Cave |   1913 |   1913 |      0 |    783 |    454 |   1 | 1913.0 |
               +--------+--------+--------+--------+--------+-----+--------+

Top non-repeatable levels by time:
    D:10: 2486 daAuts
   IceCv: 1913 daAuts
     D:5: 1750 daAuts
     D:9: 1670 daAuts
  Lair:5: 1483 daAuts
     D:7: 1423 daAuts
     D:4: 1353 daAuts
Spider:1: 1317 daAuts
     D:6: 1299 daAuts
     D:8: 1286 daAuts
     D:3: 1241 daAuts
  Lair:2: 1175 daAuts
    D:11: 1073 daAuts
  Lair:3: 1065 daAuts
Spider:2: 1012 daAuts
